[Event "Titled Tuesday Blitz November 22 Late 2022"]
[White "Besedes, Danilo"]
[Black "Roman, Rodrigo"]
[WhiteFideId "946796"]
[BlackFideId "3701220"]
[WhiteElo "2352"]
[BlackElo "1995"]
[Result "1/2-1/2"]
[Round "07"]
[TimeControl "180+1"]
[Date "2022.11.23"]
[WhiteClock "0:00:01"]
[BlackClock "0:00:18"]

1. Nf3 Nf6 2. b3 g6 3. Bb2 Bg7 4. g3 b6 5. Bg2 Bb7 6. O-O O-O 7. c4 c5 8. e3 Nc6 9. d4 cxd4 10. Nxd4 Rc8 11. Nc3 a6 12. Rc1 Qc7 13. Nd5 Qd8 14. Nxf6+ Bxf6 15. Nxc6 Bxc6 16. Bxf6 exf6 17. Qd4 Qe7 18. Qxb6 Bxg2 19. Kxg2 Rc6 20. Qd4 Rd6 21. Qc3 Re8 22. Rcd1 Qe4+ 23. Kg1 Ree6 24. Rd2 Qf3 25. Rfd1 Qxd1+ 26. Rxd1 Rxd1+ 27. Kg2 Red6 28. Qa5 Kg7 29. h4 h5 30. a4 Rb1 31. Qc5 Rd2 32. b4 Rbb2 33. e4 Re2 34. b5 axb5 35. cxb5 Rxe4 36. a5 Ra4 37. a6 d6 38. Qb6 d5 39. a7 Rba2 40. Qc5 Rxa7 41. Qxd5 Rb2 42. g4 hxg4 43. h5 Raa2 44. hxg6 Rxf2+ 45. Kg3 Kxg6 46. Qe4+ f5 47. Qc6+ f6 48. Qe8+ Kg7 49. Qe7+ Kg6 50. Qe8+ Kg7 51. Qe7+ Kg6 52. Qe8+ 1/2-1/2


[Site "https://www.chess.com"]

[Event "Titled Tuesday Blitz November 22 Late 2022"]
[White "Bluebaum, Matthias"]
[Black "Oganian, Miran"]
[WhiteFideId "24651516"]
[BlackFideId "4122488"]
[WhiteElo "2633"]
[BlackElo "2323"]
[Result "1-0"]
[Round "07"]
[TimeControl "180+1"]
[Date "2022.11.22"]
[WhiteClock "0:02:58"]
[BlackClock "0:02:50"]

1. d4 e6 2. c4 d5 3. Nc3 a6 4. cxd5 exd5 5. a3 Nf6 6. Bg5 Be7 7. e3 c6 8. Bd3 Nbd7 9. h3 O-O 10. Nf3 Re8 11. Qc2 Nf8 12. O-O Ng6 13. Ne5 Bd6 14. f4 h6 15. Nxf7 hxg5 16. Nxd8 1-0


[Site "https://www.chess.com"]

[Event "Titled Tuesday Blitz November 22 Late 2022"]
[White "Bobkov, Vadim"]
[Black "Tang, Andrew"]
[WhiteFideId "34110876"]
[BlackFideId "2059630"]
[WhiteElo "2172"]
[BlackElo "2581"]
[Result "1-0"]
[Round "07"]
[TimeControl "180+1"]
[Date "2022.11.22"]
[WhiteClock "0:00:37"]
[BlackClock "0:00:02"]

1. d4 d5 2. c4 e6 3. Nc3 Be7 4. Nf3 Nf6 5. Bf4 O-O 6. e3 b6 7. cxd5 Nxd5 8. Nxd5 exd5 9. Bd3 c5 10. O-O Nc6 11. dxc5 bxc5 12. Rc1 Be6 13. b3 Qb6 14. Bb1 h6 15. Qc2 f5 16. Ne5 Rac8 17. Ng6 Rfd8 18. Nxe7+ Nxe7 19. Rfd1 a5 20. h3 Kf7 21. Qe2 Kg8 22. Be5 Ra8 23. Qf3 Rd7 24. Qg3 Nc6 25. Bd6 c4 26. bxc4 dxc4 27. Be5 Rad8 28. Rxd7 Rxd7 29. Bc3 Qc5 30. Qg6 Nd8 31. e4 fxe4 32. Bxe4 a4 33. Qe8+ Qf8 34. Bh7+ 1-0


[Site "https://www.chess.com"]

[Event "Titled Tuesday Blitz November 22 Late 2022"]
[White "Boruchovsky, Avital"]
[Black "Annaberdiyev, Babageldi"]
[WhiteFideId "2800055"]
[BlackFideId "14000385"]
[WhiteElo "2458"]
[BlackElo "2332"]
[Result "1-0"]
[Round "07"]
[TimeControl "180+1"]
[Date "2022.11.22"]
[WhiteClock "0:00:01"]
[BlackClock "0:00:06"]

1. d4 Nf6 2. Nf3 e6 3. g3 d5 4. Bg2 c6 5. O-O Bd6 6. Nc3 O-O 7. Re1 a5 8. e4 Nxe4 9. Nxe4 dxe4 10. Rxe4 Nd7 11. c3 b6 12. Bg5 Qc7 13. Qc2 Bb7 14. Rae1 Rfe8 15. Bf4 Bxf4 16. Rxf4 Nf8 17. Ne5 f6 18. Ng4 Rad8 19. Ne3 Ng6 20. Re4 c5 21. d5 exd5 22. Rxe8+ Rxe8 23. Rd1 Kh8 24. Nxd5 Bxd5 25. Bxd5 Rd8 26. Be4 Rxd1+ 27. Qxd1 Ne5 28. Qd5 g6 29. Qe6 Kg7 30. h4 b5 31. h5 c4 32. h6+ Kxh6 33. Qxf6 Qc5 34. Kg2 b4 35. Kh3 Qc8+ 36. Kg2 Qc5 37. f3 bxc3 38. bxc3 Nd3 39. Kh3 Nf2+ 40. Kg2 Nxe4 41. Qf4+ Ng5 42. g4 Kg7 43. Qb8 Nf7 44. Qf4 Qe5 45. Qxc4 Qe3 46. Qc6 Qe2+ 47. Kg3 Qe5+ 48. Kg2 g5 49. c4 h5 50. gxh5 Qe2+ 51. Kg3 Qe5+ 52. Kg2 Qe2+ 53. Kg3 Qxa2 54. Qg6+ Kf8 55. h6 Qb2 56. h7 Qh8 57. c5 Qe5+ 58. Kg2 Qe2+ 59. Kg3 Qe5+ 60. Kh3 Qxc5 61. Qxf7+ Kxf7 62. h8=Q Qe5 63. Qxe5 1-0


[Site "https://www.chess.com"]

[Event "Titled Tuesday Blitz November 22 Late 2022"]
[White "Boyer, Mahel"]
[Black "Koutlas, Nikolaos"]
[WhiteFideId "45102422"]
[BlackFideId "25827138"]
[WhiteElo "2454"]
[BlackElo "2167"]
[Result "1-0"]
[Round "07"]
[TimeControl "180+1"]
[Date "2022.11.23"]
[WhiteClock "0:01:51"]
[BlackClock "0:00:02"]

1. Nf3 Nf6 2. Nc3 g6 3. Nb1 Bg7 4. Ng1 O-O 5. g3 d5 6. Bg2 e5 7. Nf3 e4 8. Ng1 c5 9. d3 exd3 10. exd3 Bg4 11. Ne2 Re8 12. f3 Bf5 13. O-O Nc6 14. g4 Be6 15. Ng3 Qd7 16. g5 Nh5 17. Nxh5 gxh5 18. Nc3 Rad8 19. Ne2 Bh3 20. Nf4 Bxg2 21. Kxg2 h4 22. Nh5 Nd4 23. Rf2 h3+ 24. Kf1 Qf5 25. c3 Ne6 26. f4 Nf8 27. Ng3 Qd7 28. f5 f6 29. Qh5 Qb5 30. Rf3 Nd7 31. g6 hxg6 32. fxg6 Ne5 33. Qh7+ Kf8 34. Bh6 Re7 35. c4 Ke8 36. cxb5 Nxf3 37. Bxg7 Nxh2+ 38. Kg1 Ng4 39. Qh8+ Kd7 40. Qxh3 f5 41. Nxf5 1-0


[Site "https://www.chess.com"]

[Event "Titled Tuesday Blitz November 22 Late 2022"]
[White "Brown, Andrew"]
[Black "Ferreira, Vitor Hugo Vieira"]
[WhiteFideId "3206513"]
[BlackFideId "2119765"]
[WhiteElo "2245"]
[BlackElo "2168"]
[Result "0-1"]
[Round "07"]
[TimeControl "180+1"]
[Date "2022.11.23"]
[WhiteClock "0:00:07"]
[BlackClock "0:02:00"]

1. d4 d5 2. c4 dxc4 3. e4 Nf6 4. e5 Nd5 5. Bxc4 Nc6 6. Ne2 Nb6 7. Bb3 Bf5 8. Be3 e6 9. h4 Bb4+ 10. Nbc3 O-O 11. Ng3 Na5 12. Nxf5 exf5 13. Bc2 Nac4 14. Bxf5 Nxb2 15. Bxh7+ Kxh7 16. Qc2+ Kg8 17. Qxb2 a5 18. a3 Na4 19. Qc2 Bxc3+ 20. Ke2 Bxa1 21. Qxa4 b5 22. Qd1 Bc3 23. Qd3 b4 24. h5 Qc8 25. f3 Qa6 26. h6 Qxd3+ 27. Kxd3 gxh6 28. Rxh6 Rfd8 29. Bg5 Rxd4+ 30. Ke3 Bd2+ 31. Kxd4 Bxg5 32. Rc6 bxa3 33. Rc3 Be7 0-1


[Site "https://www.chess.com"]

[Event "Titled Tuesday Blitz November 22 Late 2022"]
[White "Chigaev, Maksim"]
[Black "Terry, Renato"]
[WhiteFideId "4108116"]
[BlackFideId "3803457"]
[WhiteElo "2541"]
[BlackElo "2577"]
[Result "1/2-1/2"]
[Round "07"]
[TimeControl "180+1"]
[Date "2022.11.22"]
[WhiteClock "0:00:05"]
[BlackClock "0:00:17"]

1. c4 b6 2. e4 Bb7 3. Nc3 e5 4. g3 Nf6 5. Bg2 Bb4 6. Nge2 O-O 7. O-O Nc6 8. d3 Bc5 9. h3 a5 10. Kh2 Nd4 11. f4 Nxe2 12. Qxe2 d6 13. f5 h6 14. g4 Nh7 15. Bd2 Bd4 16. Rab1 c6 17. Qe1 Re8 18. h4 Rb8 19. Qg3 f6 20. a3 Kh8 21. Ne2 c5 22. Nxd4 cxd4 23. b4 axb4 24. Rxb4 Bc6 25. Rfb1 Rb7 26. Qe1 Qc7 27. Qc1 Ra8 28. Bf3 Rba7 29. Rxb6 Rxa3 30. Rb8+ Rxb8 31. Rxb8+ Qxb8 32. Qxa3 Nf8 33. Bb4 Nd7 34. Bxd6 Qb1 35. Bg2 Qe1 36. Kh3 Qe3+ 37. Kh2 Qf2 38. Kh3 Qe3+ 39. Kh2 Kh7 40. Bb4 Qf4+ 41. Kh3 Qe3+ 42. Kh2 Qf2 43. Kh3 Qe3+ 44. Kh2 1/2-1/2


[Site "https://www.chess.com"]

[Event "Titled Tuesday Blitz November 22 Late 2022"]
[White "Clawitter, Craig"]
[Black "Haszon, David"]
[WhiteFideId "2023105"]
[BlackFideId "733610"]
[WhiteElo "2259"]
[BlackElo "2211"]
[Result "0-1"]
[Round "07"]
[TimeControl "180+1"]
[Date "2022.11.23"]
[WhiteClock "0:00:27"]
[BlackClock "0:01:43"]

1. e4 c5 2. Nf3 d6 3. d4 cxd4 4. Nxd4 Nf6 5. Nc3 a6 6. Be3 e5 7. Nb3 Be7 8. f3 Be6 9. Qd2 O-O 10. O-O-O a5 11. a4 Nc6 12. g4 Nb4 13. g5 Ne8 14. Bb5 Rc8 15. Kb1 d5 16. exd5 Bf5 17. Rc1 Nd6 18. h4 Nxb5 19. axb5 a4 20. Ne4 axb3 21. d6 bxc2+ 22. Rxc2 Bxe4 23. dxe7 Bxc2+ 24. Qxc2 Rxc2 25. exd8=Q Rxd8 0-1


[Site "https://www.chess.com"]

[Event "Titled Tuesday Blitz November 22 Late 2022"]
[White "Corrales Jimenez, Fidel"]
[Black "Lizak, Peter"]
[WhiteFideId "3506690"]
[BlackFideId "731595"]
[WhiteElo "2541"]
[BlackElo "2420"]
[Result "1-0"]
[Round "07"]
[TimeControl "180+1"]
[Date "2022.11.23"]
[WhiteClock "0:01:47"]
[BlackClock "0:00:14"]

1. e4 c6 2. d4 d5 3. e5 Bf5 4. h4 h6 5. g4 Bd7 6. h5 c5 7. c3 Nc6 8. f4 cxd4 9. cxd4 Qb6 10. Be3 Qxb2 11. Nd2 Bxg4 12. Be2 Bf5 13. Rc1 e6 14. Kf2 Ba3 15. Nb3 Nge7 16. Nf3 Qxa2 17. Ra1 Qc2 18. Rxa3 Qxd1 19. Rxd1 Bg4 20. Rc1 Bxh5 21. Nc5 b6 22. Nb7 O-O 23. Bb5 Na5 24. Nxa5 bxa5 25. Rxa5 Nf5 26. Bd3 Nxe3 27. Kxe3 Bxf3 28. Kxf3 Rfb8 29. Ke3 Rb3 30. Rc7 a6 31. Rc6 h5 32. Raxa6 Rab8 33. Rc7 h4 34. Raa7 Rf8 35. f5 exf5 36. e6 Re8 37. Rxf7 Rxe6+ 38. Kd2 Rg6 39. Kc2 Rb8 40. Bxf5 Rg3 41. Be6 Kh8 42. Rf5 g6 43. Rff7 1-0


[Site "https://www.chess.com"]

[Event "Titled Tuesday Blitz November 22 Late 2022"]
[White "Cortes Orihuela, Javier"]
[Black "Roque Sola, Jose Luis"]
[WhiteFideId "3414329"]
[BlackFideId "5120390"]
[WhiteElo "2080"]
[BlackElo "2117"]
[Result "1-0"]
[Round "07"]
[TimeControl "180+1"]
[Date "2022.11.23"]
[WhiteClock "0:01:19"]
[BlackClock "0:00:04"]

1. d4 Nf6 2. c4 g6 3. Nc3 Bg7 4. e4 d6 5. Nf3 O-O 6. h3 c5 7. d5 a6 8. a4 b6 9. Bd3 Nbd7 10. O-O Ne5 11. Be2 Nxf3+ 12. Bxf3 Bd7 13. Be2 Qc7 14. f4 b5 15. axb5 axb5 16. Rxa8 Rxa8 17. cxb5 c4 18. Be3 Ne8 19. Bd4 Bxd4+ 20. Qxd4 Rc8 21. Ra1 Nf6 22. e5 dxe5 23. fxe5 Ne8 24. Ra7 Qd8 25. Bxc4 Rxc4 26. Rxd7 Qc8 27. Qa7 Nc7 28. Rxe7 Rxc3 29. bxc3 Nxd5 30. Rxf7 1-0


[Site "https://www.chess.com"]

[Event "Titled Tuesday Blitz November 22 Late 2022"]
[White "Curtis, John"]
[Black "Salman, Pavel"]
[WhiteFideId "3200256"]
[BlackFideId "24153753"]
[WhiteElo "2203"]
[BlackElo "2187"]
[Result "1/2-1/2"]
[Round "07"]
[TimeControl "180+1"]
[Date "2022.11.23"]
[WhiteClock "0:00:19"]
[BlackClock "0:00:07"]

1. e4 c5 2. Nf3 e6 3. d4 cxd4 4. Nxd4 a6 5. f4 Qc7 6. Bd3 Bc5 7. Nf3 Nf6 8. Qe2 Ng4 9. Nc3 Bf2+ 10. Kd1 Ba7 11. Rf1 Nc6 12. h3 Nf6 13. e5 Nh5 14. Ne4 f5 15. Nd6+ Kf8 16. Qe1 g6 17. g4 Ng7 18. a3 Bc5 19. gxf5 Nxf5 20. Nxf5 exf5 21. Be3 Nd8 22. Bxc5+ Qxc5 23. Qb4 Ne6 24. Qxc5+ Nxc5 25. Nd4 b5 26. h4 Bb7 27. Kd2 Rc8 28. c3 Be4 29. Be2 Ke7 30. Bd1 Bd5 31. Bc2 Rc7 32. b4 Ne4+ 33. Bxe4 Bxe4 34. a4 Rhc8 35. Rfc1 Bc6 36. axb5 Bxb5 37. Nxb5 axb5 38. Ra5 Rc4 39. Rxb5 Rxf4 40. h5 g5 41. Rb6 g4 42. Rh6 g3 43. Rg1 Rf2+ 44. Kd3 Rf3+ 45. Kd4 Rfxc3 46. Rxh7+ Ke6 47. Rh6+ Kf7 48. Rh7+ Kg8 49. Rxd7 R8c4+ 50. Kd5 Rxb4 51. Ke6 Rb6+ 52. Kxf5 Rb8 53. h6 Kh8 54. Rg7 Rf8+ 55. Ke4 Rc4+ 56. Kd5 Rh4 57. R1xg3 Rd8+ 58. Kc5 Rc8+ 59. Kd6 Rxh6+ 60. Ke7 Rc7+ 61. Kf8 Rc8+ 62. Kf7 Rc7+ 63. Kf8 Rc8+ 64. Kf7 Rc7+ 65. Kf8 1/2-1/2


[Site "https://www.chess.com"]

[Event "Titled Tuesday Blitz November 22 Late 2022"]
[White "Daggupati, Balaji"]
[Black "Lashkin, Jegor"]
[WhiteFideId "2090759"]
[BlackFideId "13907808"]
[WhiteElo "2702"]
[BlackElo "2368"]
[Result "0-1"]
[Round "07"]
[TimeControl "180+1"]
[Date "2022.11.22"]
[WhiteClock "0:00:07"]
[BlackClock "0:00:06"]

1. e4 c5 2. Nf3 d6 3. d4 cxd4 4. Nxd4 Nf6 5. Nc3 a6 6. Qe2 Nbd7 7. Bg5 Qc7 8. O-O-O g6 9. f4 Bg7 10. Kb1 O-O 11. g4 e5 12. Nf3 b5 13. Bxf6 Nxf6 14. g5 Nh5 15. Nd5 Qc5 16. f5 gxf5 17. exf5 f6 18. Nh4 Nf4 19. Nxf4 exf4 20. gxf6 Bxf6 21. Qg2+ Kh8 22. Qxa8 Qb4 23. c3 Bxc3 24. Qg2 Bb7 25. Ng6+ hxg6 26. Qh3+ Kg7 27. Qxc3+ Qxc3 28. bxc3 Bxh1 29. Bd3 Bg2 30. fxg6 d5 31. Bf1 Be4+ 32. Kb2 Kxg6 33. a4 Rh8 34. Rd2 bxa4 35. c4 Rb8+ 36. Ka3 dxc4 37. Bxc4 Rb6 38. h4 f3 39. Kxa4 Kf5 40. Ka5 Rh6 41. Bxa6 Rxh4 42. Rd8 Kf4 43. Rf8+ Ke3 44. Kb6 Rh6+ 45. Ka7 Rh5 46. Kb6 Rf5 47. Re8 Kd4 48. Rd8+ Rd5 49. Rf8 Bf5 50. Bf1 f2 51. Bg2 Ke3 52. Re8+ Kf4 53. Rf8 Rd2 54. Bh3 Rd5 55. Bg2 Kg3 56. Bf1 Re5 57. Kc7 Kf4 58. Bh3 Kg3 59. Bf1 Bg4 60. Kd6 Re1 61. Bb5 Be2 62. Bxe2 Rxe2 63. Kd5 Re3 64. Kd4 Rf3 65. Rg8+ Kh4 66. Rh8+ Kg5 67. Rg8+ Kh6 68. Rh8+ Kg7 69. Rh1 f1=Q 70. Rxf1 0-1


[Site "https://www.chess.com"]

[Event "Titled Tuesday Blitz November 22 Late 2022"]
[White "De Souza, Cristiano Gomes"]
[Black "Aung Thant Zin"]
[WhiteFideId "2151758"]
[BlackFideId "13000063"]
[WhiteElo "2068"]
[BlackElo "2278"]
[Result "1-0"]
[Round "07"]
[TimeControl "180+1"]
[Date "2022.11.23"]
[WhiteClock "0:00:21"]
[BlackClock "0:00:38"]

1. d4 Nf6 2. c4 e6 3. Nf3 d5 4. Nc3 c6 5. Bg5 Bb4 6. e3 dxc4 7. Bxc4 Qa5 8. Bxf6 Bxc3+ 9. bxc3 Qxc3+ 10. Nd2 gxf6 11. Rc1 Qa5 12. O-O O-O 13. Ne4 Qd8 14. f4 f5 15. Nc5 Nd7 16. Qh5 Nf6 17. Qg5+ Kh8 18. Rf3 Rg8 19. Qh4 Ng4 20. Qxd8 Rxd8 21. h3 Nf6 22. Kh2 b6 23. Nd3 Ne4 24. Ne5 Rf8 25. Nxc6 Bb7 26. Ne5 Rac8 27. Rff1 f6 28. Nf3 e5 29. fxe5 fxe5 30. Nxe5 Nd2 31. Rfd1 Nxc4 32. Rxc4 Rxc4 33. Nxc4 Rg8 34. Rd2 Bd5 35. Nd6 Rf8 36. Rf2 Be6 37. g4 Kg7 38. Nxf5+ Bxf5 39. gxf5 Kf6 40. Kg3 Rd8 41. Kf4 Rd5 42. Ke4 Ra5 43. Rf4 Ra3 44. Rh4 Kg7 45. Kd5 Ra5+ 46. Ke6 Ra3 47. e4 Rd3 48. e5 Rd2 49. f6+ Kg6 50. Rg4+ Kh5 51. Rg7 h6 52. Rxa7 Rxd4 53. f7 Rf4 54. Ke7 Kh4 55. e6 Kxh3 56. f8=Q Rxf8 57. Kxf8 h5 58. e7 h4 59. e8=Q Kg3 60. Qg6+ Kf4 61. Rg7 h3 62. Qg4+ Ke5 63. Qxh3 b5 64. Qb3 Kd4 65. Qxb5 Kc3 66. Rg3+ Kc2 67. Qb3+ Kc1 68. Rc3+ Kd2 69. Qb2+ Kd1 70. Rc1# 1-0


[Site "https://www.chess.com"]

[Event "Titled Tuesday Blitz November 22 Late 2022"]
[White "Djordjevic, Vuk"]
[Black "Lewtak, Damian"]
[WhiteFideId "902098"]
[BlackFideId "1141724"]
[WhiteElo "2456"]
[BlackElo "2329"]
[Result "1-0"]
[Round "07"]
[TimeControl "180+1"]
[Date "2022.11.22"]
[WhiteClock "0:01:15"]
[BlackClock "0:02:00"]

1. d4 d5 2. Bf4 Nf6 3. e3 e6 4. Nd2 Bd6 5. Bg3 c5 6. c3 Qc7 7. Ngf3 Nbd7 8. Bd3 O-O 9. O-O e5 10. dxe5 Nxe5 11. Nxe5 Bxe5 12. Bxe5 Qxe5 13. Nf3 Qe7 14. h3 b6 15. Qa4 Ne4 16. Rad1 Bb7 17. Ba6 Bxa6 18. Qxa6 Rad8 19. Rd3 Rd6 20. Rfd1 Rfd8 21. c4 Nf6 22. cxd5 Rxd5 23. Rxd5 Rxd5 24. Rxd5 Nxd5 25. Qc8+ Qf8 26. Qd7 Nb4 27. a3 Nc2 28. Qd2 1-0


[Site "https://www.chess.com"]

[Event "Titled Tuesday Blitz November 22 Late 2022"]
[White "Dylag, Emilia"]
[Black "Garcia Ramos, Daniel"]
[WhiteFideId "21805172"]
[BlackFideId "32010311"]
[WhiteElo "1878"]
[BlackElo "2357"]
[Result "0-1"]
[Round "07"]
[TimeControl "180+1"]
[Date "2022.11.23"]
[WhiteClock "0:00:03"]
[BlackClock "0:00:18"]

1. d4 d5 2. c4 e6 3. Nf3 Nf6 4. g3 Bb4+ 5. Nbd2 dxc4 6. Bg2 O-O 7. Qc2 b5 8. a4 Bb7 9. axb5 Qd5 10. O-O Qxb5 11. Qxc4 Qxc4 12. Nxc4 a5 13. Bd2 Nc6 14. Bxb4 axb4 15. Rxa8 Bxa8 16. Ra1 Ne4 17. e3 Ne7 18. Ra7 Nd5 19. Nfe5 Nd6 20. Bxd5 Bxd5 21. Rxc7 Nxc4 22. Nxc4 Ra8 23. Kf1 g5 24. Ne5 Ra2 25. Nxf7 Rxb2 26. Nxg5 b3 27. e4 Rc2 28. Rd7 Bc4+ 29. Kg2 b2 30. Rb7 Ba2 31. Nxe6 b1=Q 32. Rxb1 Bxb1 33. d5 Re2 34. Nc5 Bxe4+ 35. Nxe4 Rxe4 36. Kf3 Rd4 37. Ke3 Rxd5 38. f4 Rd8 39. Ke4 Kg7 40. Ke5 Rd2 41. h3 Rg2 42. g4 Rh2 43. g5 Rxh3 44. f5 Re3+ 45. Kf4 Re1 46. f6+ Kg6 0-1


[Site "https://www.chess.com"]

[Event "Titled Tuesday Blitz November 22 Late 2022"]
[White "Fernandez Guillen, Ernesto J."]
[Black "Gurevich, Dmitry"]
[WhiteFideId "3512428"]
[BlackFideId "2000407"]
[WhiteElo "2450"]
[BlackElo "2506"]
[Result "0-1"]
[Round "07"]
[TimeControl "180+1"]
[Date "2022.11.22"]
[WhiteClock "0:00:01"]
[BlackClock "0:00:05"]

1. e4 c5 2. Nf3 d6 3. d4 cxd4 4. Nxd4 Nf6 5. Nc3 Nc6 6. Bc4 Bd7 7. Bb3 g6 8. Be3 Ng4 9. Nxc6 bxc6 10. Bd2 Bg7 11. f3 Nf6 12. h4 h5 13. Bg5 Qb6 14. Qd2 Be6 15. Be3 Qb4 16. O-O O-O 17. Rad1 Bxb3 18. axb3 a5 19. Bh6 Rab8 20. Kh1 Qc5 21. Bxg7 Kxg7 22. Qg5 Qxg5 23. hxg5 Nd7 24. f4 f6 25. gxf6+ Nxf6 26. g3 Rb4 27. Rde1 Ng4 28. Kg2 e5 29. Rf3 Rd4 30. Re2 Re8 31. Rd3 Rxd3 32. cxd3 Rb8 33. Kf3 Rxb3 34. Rc2 Kf7 35. Ke2 Ke7 36. Nb1 Kd7 37. Nd2 Rb4 38. Nf3 a4 39. Nh4 exf4 40. gxf4 d5 41. Kf3 dxe4+ 42. dxe4 Rb3+ 43. Rc3 Rxb2 44. Nxg6 Rb3 45. Rxb3 axb3 0-1


[Site "https://www.chess.com"]

[Event "Titled Tuesday Blitz November 22 Late 2022"]
[White "Floresvillar Gonzalez, Luis Migu"]
[Black "Dudzinski, Pawel"]
[WhiteFideId "5100542"]
[BlackFideId "1117890"]
[WhiteElo "2040"]
[BlackElo "2086"]
[Result "0-1"]
[Round "07"]
[TimeControl "180+1"]
[Date "2022.11.23"]
[WhiteClock "0:00:28"]
[BlackClock "0:00:06"]

1. d4 d5 2. c3 Nc6 3. Bf4 g6 4. Nf3 Bg7 5. Nbd2 Nf6 6. h3 O-O 7. g4 Ne4 8. Bg2 f5 9. Ne5 Nxe5 10. Bxe5 c6 11. Bxg7 Kxg7 12. gxf5 Nxd2 13. Qxd2 Bxf5 14. O-O-O Qd6 15. f4 b5 16. e3 a5 17. Rhg1 b4 18. h4 bxc3 19. Qxc3 a4 20. a3 Rab8 21. e4 Qxf4+ 22. Qd2 Bxe4 23. Qxf4 Rxf4 24. Bxe4 Rxe4 25. h5 Rf8 26. hxg6 hxg6 27. Rd2 Rf6 28. Kc2 e6 29. Kc3 c5 30. dxc5 Rc4+ 31. Kd3 Rxc5 32. Rg4 Ra5 33. Kd4 Kf7 34. Rh2 Ke7 35. Rh7+ Kd6 36. Rg7 e5+ 37. Kc3 Rb5 38. R7xg6 Rb3+ 39. Kc2 Rxg6 40. Rxg6+ Kc5 41. Ra6 Kb5 42. Rd6 Kc4 43. Ra6 Kb5 44. Rd6 Kc5 45. Re6 e4 46. Re8 Kd4 47. Ra8 Rb6 48. Rxa4+ Ke3 49. Ra8 d4 50. Rh8 d3+ 51. Kc3 Rc6+ 52. Kb3 d2 53. Rh3+ Ke2 54. Rh2+ Kd3 55. Rh3+ e3 56. Rh1 Rc1 57. Rh8 d1=Q+ 58. Kb4 Rc4+ 59. Kb5 Qb3+ 0-1


[Site "https://www.chess.com"]

[Event "Titled Tuesday Blitz November 22 Late 2022"]
[White "Gareyev, Timur"]
[Black "Andreikin, Dmitry"]
[WhiteFideId "14200937"]
[BlackFideId "4158814"]
[WhiteElo "2552"]
[BlackElo "2736"]
[Result "0-1"]
[Round "07"]
[TimeControl "180+1"]
[Date "2022.11.22"]
[WhiteClock "0:00:05"]
[BlackClock "0:00:16"]

1. d4 Nf6 2. Nf3 e6 3. c4 d5 4. Nc3 a6 5. cxd5 exd5 6. Bg5 Be6 7. e3 Nbd7 8. Bd3 h6 9. Bf4 g5 10. Bg3 Nh5 11. Qc2 Nxg3 12. hxg3 c6 13. a3 Qf6 14. Nd2 Bg7 15. b4 a5 16. Rb1 axb4 17. axb4 h5 18. Nb3 b6 19. Ne2 Rc8 20. e4 Qe7 21. O-O h4 22. Rfe1 Nf6 23. b5 dxe4 24. Bxe4 cxb5 25. Bc6+ Kf8 26. d5 Bxd5 27. Ned4 Qd6 28. Rbc1 hxg3 29. Qf5 gxf2+ 30. Kxf2 Rd8 31. Bxd5 Qxd5 32. Rc7 Rh4 33. Ne6+ fxe6 34. Qg6 Ng4+ 35. Ke2 Qe5+ 36. Kf3 Qf4+ 37. Ke2 Qf2# 0-1


[Site "https://www.chess.com"]

[Event "Titled Tuesday Blitz November 22 Late 2022"]
[White "Gascon Del Nogal, Jose Rafael"]
[Black "Vlassov, Nikolai"]
[WhiteFideId "3902463"]
[BlackFideId "4103360"]
[WhiteElo "2473"]
[BlackElo "2324"]
[Result "1-0"]
[Round "07"]
[TimeControl "180+1"]
[Date "2022.11.23"]
[WhiteClock "0:00:31"]
[BlackClock "0:00:55"]

1. Nf3 c5 2. e4 d6 3. d4 cxd4 4. Nxd4 Nf6 5. f3 e5 6. Nb3 d5 7. Bg5 dxe4 8. Qxd8+ Kxd8 9. Nc3 exf3 10. gxf3 Be6 11. O-O-O+ Kc8 12. f4 Nc6 13. Bg2 exf4 14. Bxf4 Bb4 15. Nb5 Ne8 16. a3 Be7 17. Rhe1 Bg4 18. Bxc6 bxc6 19. Rxe7 Bxd1 20. Nxa7+ Rxa7 21. Rxa7 Bf3 22. Nc5 Kd8 23. Rxf7 h6 24. Rd7+ Kc8 25. Ra7 Kd8 26. a4 Rf8 27. Ne6+ 1-0


[Site "https://www.chess.com"]

[Event "Titled Tuesday Blitz November 22 Late 2022"]
[White "Gonzalez, Francisco Silva"]
[Black "Baltaci, Ismail Tarik"]
[WhiteFideId "1512285"]
[BlackFideId "6365213"]
[WhiteElo "2159"]
[BlackElo "2327"]
[Result "0-1"]
[Round "07"]
[TimeControl "180+1"]
[Date "2022.11.23"]
[WhiteClock "0:00:19"]
[BlackClock "0:00:28"]

1. d4 d6 2. e4 Nf6 3. f3 e5 4. d5 g6 5. c4 Bg7 6. Be3 O-O 7. Nc3 a5 8. Bd3 Na6 9. Na4 Bd7 10. Ne2 h5 11. Bg5 Qe8 12. Nac3 Nh7 13. Bh4 Bh6 14. Nb5 Be3 15. a3 f5 16. Qc2 Kh8 17. Qc3 f4 18. Qxa5 g5 19. Bf2 Bxf2+ 20. Kxf2 b6 21. Qc3 g4 22. b4 Ng5 23. a4 Qe7 24. Rag1 gxf3 25. gxf3 Nh3+ 26. Ke1 Qh4+ 27. Kd2 Nxg1 28. Rxg1 Rg8 29. Qc1 Rxg1 30. Qxg1 Rg8 31. Qb1 Qf2 32. Kc3 Qxf3 33. a5 bxa5 34. bxa5 Nc5 35. Nxc7 Nxe4+ 36. Kb4 Rb8+ 37. Nb5 Nc5 38. Nc1 e4 39. Be2 Qe3 40. Qb2+ Kh7 41. Qf6 Qd2+ 42. Qc3 Qxc3+ 43. Kxc3 f3 44. Nxd6 fxe2 45. Nxe2 Rb3+ 46. Kd4 Nb7 47. Nxb7 Rxb7 48. Kxe4 Ra7 49. c5 Rxa5 50. c6 Bg4 51. Nd4 Kg6 52. d6 Kf7 53. d7 Ke7 54. Kf4 Rc5 55. Kg3 Rc4 56. Nb5 Rxc6 57. h3 Bxd7 58. Nd4 Rc3+ 59. Kh2 Rxh3+ 60. Kg2 Rd3 61. Nf5+ Bxf5 62. Kh2 Kf6 63. Kg2 Kg5 64. Kh2 Kf4 65. Kg2 Rd2+ 66. Kf1 Ke3 67. Ke1 h4 68. Kf1 h3 69. Kg1 h2+ 70. Kf1 h1=Q# 0-1


[Site "https://www.chess.com"]

[Event "Titled Tuesday Blitz November 22 Late 2022"]
[White "Graif, William"]
[Black "Barria Zuniga, Daniel"]
[WhiteFideId "2609835"]
[BlackFideId "3400816"]
[WhiteElo "2205"]
[BlackElo "2414"]
[Result "1/2-1/2"]
[Round "07"]
[TimeControl "180+1"]
[Date "2022.11.23"]
[WhiteClock "0:00:07"]
[BlackClock "0:00:07"]

1. e4 c5 2. Nc3 Nc6 3. Bb5 Na5 4. Nf3 a6 5. Be2 b5 6. d4 cxd4 7. Nxd4 Bb7 8. O-O e6 9. Bf3 Ne7 10. Re1 Ng6 11. g3 Be7 12. Bg2 O-O 13. b3 Rc8 14. Bb2 Qc7 15. a3 Rfd8 16. f4 Nc6 17. Nxc6 Qxc6 18. Qd2 f5 19. e5 Qb6+ 20. Kh1 d6 21. exd6 Rxd6 22. Qe3 Qxe3 23. Rxe3 Bxg2+ 24. Kxg2 Bf6 25. Rd1 Rdc6 26. Rdd3 a5 27. b4 axb4 28. axb4 Rc4 29. Kf2 Rxb4 30. Ba1 Rbc4 31. Ke2 b4 32. Rxe6 Bxc3 33. Bxc3 Rxc3 34. Rxc3 Rxc3 35. Kd2 Kf7 36. Rb6 Rc4 37. Kd3 Re4 38. h4 Ne7 39. h5 Nd5 40. Rb7+ Ke6 41. h6 gxh6 42. Rxh7 Re3+ 43. Kd4 Rxg3 44. Rxh6+ Nf6 45. Kc4 Rg4 46. Kxb4 Rxf4+ 47. c4 Re4 48. Kb5 f4 49. c5 f3 50. Rh2 Kf5 51. c6 Kf4 52. c7 Re8 53. Kc6 Kg3 54. Ra2 Ng4 55. Kd7 Rg8 56. c8=Q Rxc8 57. Kxc8 Nf6 58. Ra3 Nd5 59. Rxf3+ Kxf3 1/2-1/2


[Site "https://www.chess.com"]